 Dungeon Crawl Stone Soup version 0.31-a0-1591-g515db51633 (webtiles) character file.

Game seed: 14619867904618170856

1895033 Zirtrex the Conqueror (level 27, 199/199 HPs)
             Began as a Gargoyle Earth Elementalist on Jan 5, 2024.
             Was the Champion of Vehumet.
             Escaped with the Orb
             ... and 4 runes on Jan 6, 2024!
             The game lasted 05:12:53 (104415 turns).

Zirtrex the Conqueror (GrEE)                      Turns: 104415, Time: 05:12:54

Health: 199/199    AC: 38    Str: 10    XL:     27
Magic:  49/49      EV: 12    Int: 43    God:    Vehumet [******]
Gold:   1767       SH:  0    Dex: 13    Spells: 7/71 levels left

rFire   + . .        v - staff "Deje" {rElec rCorr Conj Alchemy}
rCold   + . .        (no shield)
rNeg    + . .        N - +3 leather armour {rF+}
rPois   ∞            S - +2 helmet of Impressiveness {Will+ Int+2 Stlth+}
rElec   +            e - +2 cloak {rCorr}
rCorr   +            i - +2 pair of gloves {infuse}
SInv    .            j - +2 pair of boots
Will    +++++        M - amulet of Altruism {Acrobat Will++}
Stlth   +++          W - ring of the Mage {Wiz Archmagi}
HPRegen 0.53/turn    X - ring "Giagy" {rC+ Str+2 Int+8}
MPRegen 0.31/turn

%: acrobat, wizardry (x1), archmagi, infuse magic (1 MP)
@: flying, studying Axes
A: sickness immunity, AC +20, big wings, negative energy resistance 1,
electricity resistance, torment resistance 1, petrification resistance, hooves
1, agile 1, clever 1, deformed body, strong-willed 1, weak 1
0: Orb of Zot
}: 4/15 runes: barnacled, slimy, silver, gossamer
a: Renounce Religion


You escaped.
You worshipped Vehumet.
Vehumet was exalted by your worship.
You visited 11 branches of the dungeon, and saw 53 of its levels.
You visited 2 bazaars.

You collected 7691 gold pieces.
You spent 5924 gold pieces at shops.

Inventory:

Hand Weapons
 Y - the +5 falchion of Emnoas {chaos, Dex+3 SInv}
   (You found it on level 5 of the Pits of Slime)

   Dex+3:     It affects your dexterity (+3).
   SInv:      It lets you see invisible.
Missiles
 a - 4 throwing nets (quivered)
Armour
 e - a +2 cloak of preservation (worn)
 i - a +2 pair of gloves of infusion (worn)
 j - a +2 pair of boots (worn)
 N - a +3 leather armour of fire resistance (worn)
 S - the +2 helmet of Impressiveness (worn) {Will+ Int+2 Stlth+}
   (You bought it in a shop on level 2 of the Elven Halls)

   Int+2:     It affects your intelligence (+2).
   Will+:     It increases your willpower.
   Stlth+:    It makes you more stealthy.
Magical Staves
 t - the staff of the Pyrrhic Victory {Fly rC+ Will- Str+3 Dex+4 Ice}
   (You found it on level 2 of the Depths)

   [staff of cold]

   Base accuracy: +5 Base damage: 5 Base attack delay: 1.2 This weapon's minimum
   attack delay (0.6) is reached at skill level 12.
   Str+3:     It affects your strength (+3).
   Dex+4:     It affects your dexterity (+4).
   rC+:       It protects you from cold.
   Will-:     It decreases your willpower.
   Fly:       It grants you flight.
   Ice:       It increases the power of your Ice spells.
   It falls into the 'Staves' category.
   It is a one-handed weapon.
 v - the staff "Deje" (weapon) {rElec rCorr Conj Alchemy}
   (You took it off an orc wizard on level 5 of the Vaults)

   [staff of conjuration]

   Base accuracy: +5 Base damage: 5 Base attack delay: 1.2 This weapon's minimum
   attack delay (0.6) is reached at skill level 12.
   rElec:     It insulates you from electricity.
   rCorr:     It protects you from acid and corrosion.
   Conj:      It increases the power of your Conjurations spells.
   Alchemy:   It increases the power of your Alchemy spells.
   It falls into the 'Staves' category.
   It is a one-handed weapon.
Jewellery
 z - the ring "Zunof" {rF++ MP+9 Stlth-}
   (You bought it in a shop in a bazaar)

   [ring of magical power]

   rF++:      It greatly protects you from fire.
   MP+9:      It affects your magic capacity (+9).
   Stlth-:    It makes you less stealthy.
 F - the ring of Hikoel {rC+ Str-5 Int+6 Slay+3 Stlth+}
   (You found it on level 3 of the Shoals)

   [ring of intelligence]

   Str-5:     It affects your strength (-5).
   Int+6:     It affects your intelligence (+6).
   Slay+3:    It affects your accuracy & damage with ranged weapons and melee
   (+3).
   rC+:       It protects you from cold.
   Stlth+:    It makes you more stealthy.
 I - the ring "Obraopn" {Ice Will++ rCorr Dex-4 Stlth+}
   (You found it on level 5 of the Pits of Slime)

   [ring of ice]

   Ice:       It enhances your ice magic.
   Dex-4:     It affects your dexterity (-4).
   rF-:       It makes you vulnerable to fire.
   rC+:       It protects you from cold.
   Will++:    It greatly increases your willpower.
   rCorr:     It protects you from acid and corrosion.
   Stlth+:    It makes you more stealthy.
 M - the amulet of Altruism (around neck) {Acrobat Will++}
   (You took it off a deep elf annihilator on level 3 of the Elven Halls)

   [amulet of the acrobat]

   Acrobat:   It increases your evasion while moving and waiting.
   Will++:    It greatly increases your willpower.
 R - an amulet of guardian spirit
 U - the ring of the Albatross {rElec rF+ rC+ rCorr Slay+2}
   (You found it on level 5 of the Pits of Slime)

   [ring of protection from fire]

   Slay+2:    It affects your accuracy & damage with ranged weapons and melee
   (+2).
   rF+:       It protects you from fire.
   rC+:       It protects you from cold.
   rElec:     It insulates you from electricity.
   rCorr:     It protects you from acid and corrosion.
 W - the ring of the Mage (left hand) {Wiz Archmagi}
   (You took it off a deep elf death mage on level 3 of the Elven Halls)

   [ring of wizardry]

   Wiz:       It improves your spell success rate.
   Archmagi:  It increases the power of your magical spells.
 X - the ring "Giagy" (right hand) {rC+ Str+2 Int+8}
   (You found it on level 5 of the Pits of Slime)

   [ring of protection from cold]

   Str+2:     It affects your strength (+2).
   Int+8:     It affects your intelligence (+8).
   rC+:       It protects you from cold.
Talismans
 G - a talisman of death
Wands
 n - a wand of iceblast (22)
 r - a wand of mindburst (49)
 u - a wand of light (18)
 x - a wand of charming (62)
 T - a wand of digging (23)
Scrolls
 g - 5 scrolls of fog
 k - 8 scrolls of blinking
 p - 3 scrolls of summoning
 s - 2 scrolls of revelation
 w - 5 scrolls of enchant armour
 B - 18 scrolls of teleportation
 D - 3 scrolls of immolation
 H - 6 scrolls of poison
 L - 5 scrolls of fear
 P - 5 scrolls of vulnerability
 Q - 4 scrolls of torment
 V - 3 scrolls of amnesia
Potions
 b - a potion of magic
 c - 6 potions of enlightenment
 d - 24 potions of curing
 f - 2 potions of haste
 l - 6 potions of lignification
 m - 10 potions of invisibility
 o - 10 potions of brilliance
 q - 3 potions of resistance
 A - 15 potions of ambrosia
 J - a potion of cancellation
 K - 9 potions of mutation
 O - 15 potions of heal wounds
Miscellaneous
 h - a sack of spiders
 y - a tin of tremorstones (2/2)
 C - a phial of floods
 E - a phantom mirror


   Skills:
 O Level 27 Fighting
 - Level 5.0 Armour
 - Level 4.0 Dodging
 - Level 20.0 Stealth
 + Level 22.5 Spellcasting
 + Level 18.6 Conjurations
 - Level 6.0 Summonings
 - Level 1.0 Necromancy
 + Level 15.8 Fire Magic
 - Level 22.0 Ice Magic
 - Level 7.0 Air Magic
 - Level 12.3 Earth Magic
 - Level 4.2 Evocations


You had 7 spell levels left.
You knew the following spells:

 Your Spells              Type           Power      Damage    Failure   Level
a - Irradiate             Conj/Alch      81%        3d38      1%          5
b - Lehudib's Crystal Sp  Conj/Erth      79%        10d18     1%          8
c - Polar Vortex          Ice            75%        12d10*    1%          9
d - Ozocubu's Refrigerat  Ice            75%        4d24      1%          7
e - Borgnjor's Vile Clut  Necr/Erth      51%        N/A       1%          5
f - Fire Storm            Conj/Fire      82%        8d21      4%          9
g - Orb of Destruction    Conj           84%        9d19      1%          7
h - Bombard               Conj/Erth      79%        9d13      1%          6
i - Ignition              Fire           67%        3d18      1%          8

Your spell library contained the following spells:

 Spells                   Type           Power      Damage    Failure   Level
 Chain Lightning          Conj/Air       75%        3d100     24%         9
 Foxfire                  Conj/Fire      100%       2x1d9     0%          1
 Freeze                   Ice            100%       1d10      0%          1
 Magic Dart               Conj           100%       1d8       0%          1
 Sandblast                Erth           100%       2d20      0%          1
 Shock                    Conj/Air       100%       1d9       0%          1
 Sting                    Conj/Alch      100%       1d9       0%          1
 Ensorcelled Hibernation  Hex/Ice        100%       N/A       0%          2
 Dazzling Flash           Conj/Hex       100%       N/A       0%          3
 Frozen Ramparts          Ice            100%       1d16      0%          3
 Hailstorm                Conj/Ice       100%       3d16      0%          3
 Ozocubu's Armour         Ice            100%       N/A       0%          3
 Passwall                 Erth           100%       N/A       0%          3
 Stone Arrow              Conj/Erth      100%       3d13      0%          3
 Summon Ice Beast         Ice/Summ       100%       N/A       0%          3
 Brom's Barrelling Bould  Conj/Erth      100%       2d11      0%          4
 Flame Wave               Conj/Fire      100%       2d21      0%          4
 Fireball                 Conj/Fire      82%        3d30      0%          5
 Freezing Cloud           Conj/Ice/Air   80%        6-21      0%          5
 Iskenderun's Battlesphe  Conj           100%       2d15      0%          5
 Necrotise                Necr           100%       1d9       1%          1
 Slow                     Hex            100%       N/A       1%          1
 Blink                    Tloc           100%       N/A       1%          2
 Call Imp                 Summ           100%       N/A       1%          2
 Jinxbite                 Hex            100%       N/A       1%          2
 Mercury Vapours          Alch/Air       100%       N/A       1%          2
 Call Canine Familiar     Summ           100%       N/A       1%          3
 Confusing Touch          Hex            64%        N/A       1%          3
 Fugue of the Fallen      Necr           72%        N/A       1%          3
 Inner Flame              Hex/Fire       100%       N/A       1%          3
 Mephitic Cloud           Conj/Alch/Air  100%       N/A       1%          3
 Sigil of Binding         Hex            64%        N/A       1%          3
 Swiftness                Air            100%       N/A       1%          3
 Tukima's Dance           Hex            64%        N/A       1%          3
 Vampiric Draining        Necr           72%        2d11      1%          3
 Volatile Blastmotes      Fire/Tloc      100%       2d18      1%          3
 Airstrike                Air            52%        2d(8-24)  1%          4
 Anguish                  Hex/Necr       34%        N/A       1%          4
 Animate Armour           Summ/Erth      100%       N/A       1%          4
 Animate Dead             Necr           72%        N/A       1%          4
 Dispel Undead            Necr           72%        3d24      1%          4
 Fulminant Prism          Conj/Alch      81%        3d33      1%          4
 Ignite Poison            Fire/Alch      100%       N/A       1%          4
 Iskenderun's Mystic Bla  Conj/Tloc      100%       2d19      1%          4
 Leda's Liquefaction      Alch/Erth      61%        N/A       1%          4
 Martyr's Knell           Necr/Summ      87%        N/A       1%          4
 Olgreb's Toxic Radiance  Alch           83%        N/A       1%          4
 Petrify                  Alch/Erth      100%       N/A       1%          4
 Sticky Flame             Fire/Alch      100%       2d15      1%          4
 Summon Lightning Spire   Summ/Air       100%       N/A       1%          4
 Lee's Rapid Deconstruct  Erth           62%        3d28*     1%          5
 Metabolic Englaciation   Hex/Ice        60%        N/A       1%          5
 Silence                  Hex/Air        43%        N/A       1%          5
 Summon Forest            Summ/Tloc      42%        N/A       1%          5
 Summon Mana Viper        Hex/Summ       84%        N/A       1%          5
 Yara's Violent Unravell  Hex/Alch       41%        3d16      1%          5
 Conjure Ball Lightning   Conj/Air       75%        3x3d28    1%          6
 Plasma Beam              Fire/Air       60%        2x1d76    1%          6
 Sculpt Simulacrum        Ice/Alch       72%        N/A       1%          6
 Starburst                Conj/Fire      82%        6d21      1%          6
 Spellforged Servitor     Conj/Summ      74%        N/A       1%          7
 Dimensional Bullseye     Hex/Tloc       32%        N/A       2%          4
 Manifold Assault         Tloc           64%        N/A       2%          4
 Summon Cactus Giant      Summ           50%        N/A       2%          6
 Curse of Agony           Necr           72%        N/A       4%          5
 Eringya's Noxious Bog    Alch           41%        4d6       9%          6
 Monstrous Menagerie      Summ           50%        N/A       16%         7
 Summon Hydra             Summ           50%        N/A       16%         7
 Death Channel            Necr           36%        N/A       21%         6
 Dispersal                Tloc           32%        N/A       32%         6
 Enfeeble                 Hex            32%        N/A       85%         7
 Discord                  Hex            32%        N/A       100%        8
 Disjunction              Tloc           32%        N/A       100%        8
 Cigotuvi's Dreadful Rot  Necr/Alch/Air  Unusable   N/A       N/A         2

Dungeon Overview and Level Annotations

Branches:
Dungeon (15/15)            Temple (1/1) D:5            Lair (5/5) D:9
 Shoals (4/4) Lair:3       Spider (4/4) Lair:3        Slime (5/5) Lair:4
    Orc (2/2) D:11            Elf (3/3) Orc:2        Vaults (5/5) D:14
  Crypt (0/3) Vaults:3     Depths (4/4) D:15            Zot (5/5) Depths:4

Altars:
Ashenzari
Cheibriados
Dithmenos
Elyvilon
Fedhas
Gozag
Hepliaklqana
Kikubaaqudgha
Makhleb
Nemelex Xobeh
Okawaru
Qazlal
Ru
Sif Muna
Trog
Uskayaw
Vehumet
Wu Jian
Xom
Yredelemnul
Zin
The Shining One
Jiyva

Shops:
D:4 *   D:7 :   Orc:2 !:*??   Elf:1 (   Elf:2 (:?**[[=   Elf:3 !   Shoals:3 *
Vaults:1 *   Vaults:2 (   Vaults:3 (   Vaults:4 (!

Portals:
Hell: Depths:1 Depths:2 Depths:3 Depths:4
Abyss: Depths:1 Depths:3
Pandemonium: Depths:2 Depths:4
Ziggurat: Depths:3
Trove: Vaults:1 (show abyssal rune of Zot)

Annotations:
D:4 exclusion: black bear
D:7 2 transporters, bobo's ghost, novice OnGl
D:9 Harold
D:15 JORGRUN
Lair:5 exclusion: obsidian statue
Spider:1 1 runed translucent door, Uveidaum's ghost, adept DsMo
Elf:2 exclusion: 5 doors
Zot:3 1 exclusion
Zot:4 1 transporter


Innate Abilities, Weirdness & Mutations

You are immune to sickness and miasma.
Your stone body is resilient. (AC +20)
You are immune to poison.
Your large and strong wings let you fly.
You resist negative energy. (rN+)
You are resistant to electric shocks. (rElec)
You are resistant to unholy torment.
You are immune to petrification.
You have large cloven feet.
You are agile. (Dex +4, Str/Int -1)
Your mind is acute. (Int +4, Str/Dex -1)
Armour fits poorly on your strangely shaped body.
You are strong-willed. (Will+)
You are weak. (Str -2)


Message History

You kill the cacodemon!
Vehumet accepts your kill.
You feel your power returning.
You fly upwards.
Level annotation: exclusion: black bear
There is a stone staircase leading down here.
Unknown command.
Unknown command.
What level of the Dungeon? (default 1, ? - help) Magic restored.
There is an open door here.
You see here a +0 whip.
Things that are here:
a +0 robe; a +0 dagger; a +0 flail
There is a stone staircase leading up here.
You fly upwards.
There is a stone staircase leading down here.
A blizzard demon comes into view.
Casting: Fire Storm (dangerous; 4% risk of failure)
Confirm with . or Enter, or press ? or * to list all spells.
Aiming: Lehudib's Crystal Spear (mildly dangerous; 1% risk of failure)
Press: ? - help, Shift-Dir - straight line, f - blizzard demon
Aim: a blizzard demon (wandering, hasn't noticed you, 85% to hit)
You feel a strong surge of power!
The crystal spear hits the blizzard demon!!!
You kill the blizzard demon!
Vehumet accepts your kill.
You feel your power returning.
You see here 3 darts of dispersal.
Magic restored.
There is a stone staircase leading up here.
You fly upwards.
There is a stone staircase leading down here.
There is a stone staircase leading up here.
You fly upwards.
There is a stone staircase leading down here.
There is an open door here.
There is a staircase leading out of the dungeon here.
You can't go down here!
You have escaped!

####...........###
#................#
#####.########.....#.#
#.....# ###.#...###
###.#.### #........
#...#..# ########.####.
#.####.######..........##.
#......#...##.##.....#....
#####..+.@.'..##.########.
#.##...#..##.#.)......
#.######.....#..##.#..
#.........####..##.###
#########.............
##########.... #####


There were no monsters in sight!

Vanquished Creatures
  the Royal Jelly (Slime:5)
  A dread lich (Zot:5)
  4 orbs of fire (Zot:5)
  2 ancient liches (Zot:5)
  2 pandemonium lords
  Mara (Spider:4)
  A juggernaut (Depths:1)
  Josephina (Depths:4)
  Bai Suzhen (Shoals:3)
  Parghit (Zot:1)
  4 Killer Klowns
  Vv (Zot:1)
  Margery (Depths:1)
  2 caustic shrikes (Depths:3)
  6 curse toes
  11 golden dragons
  Nikola (Shoals:1)
  Norris (Vaults:4)
  A profane servitor (Zot:2)
  Arachne (Spider:2)
  2 Tzitzimimeh
  3 electric golems
  Rupert (D:15)
  Jorgrun (D:15)
  2 Hell Sentinels
  A walking crystal tome (Depths:4)
  6 liches
  A hellephant (Depths:1)
  23 tentacled monstrosities
  28 Orb Guardians
  9 titans
  2 deep elf blademasters (Elf:3)
  2 deep elf master archers (Elf:3)
  Frances (D:12)
  9 quicksilver dragons
  9 sphinxes
  19 acid blobs
  2 Executioners
  The ghost of Tainn the Hoplite, an adept MiFi of Okawaru (Shoals:2)
  10 death cobs
  6 tengu reavers
  15 shadow dragons
  13 storm dragons
  Aizul (Lair:3)
  Agnes (Spider:4)
  5 draconian monks
  8 azure jellies
  3 protean progenitors
  2 iron dragons
  4 rockslimes
  11 draconian shifters
  7 fire giants
  7 draconian scorchers
  8 deep elf sorcerers
  11 frost giants
  21 vault wardens
  8 draconian knights
  3 spectral caustic shrikes (Depths:2)
  An emperor scorpion (Spider:4)
  3 orc warlords
  6 deep elf elementalists (Elf:3)
  8 draconian annihilators
  5 ghost moths
  11 ironbound preservers
  A juggernaut zombie (Depths:3)
  12 formless jellyfish
  A demonspawn blood saint (Zot:2)
  10 quicksilver oozes
  17 stone giants
  3 draconian stormcallers
  11 very ugly things
  2 cacodemons
  3 broodmothers
  A broodmother (shapeshifter) (Depths:3)
  4 vampire knights
  6 deep elf demonologists
  13 black draconians
  6 ironbound thunderhulks
  15 green draconians
  4 war gargoyles
  8 deep elf death magi
  4 dire elephants
  4 spark wasps
  13 red draconians
  15 white draconians
  18 yellow draconians
  8 deep elf annihilators
  13 purple draconians
  11 merfolk impalers
  2 blizzard demons
  A crystal guardian (Vaults:4)
  7 merfolk javelineers
  14 yaktaur captains
  9 fire dragons
  4 entropy weavers
  6 deep elf high priests
  10 ettins
  6 great orbs of eyes
  5 rakshasas
  36 vault guards
  3 hydras
  4 ice dragons
  3 spriggan air magi
  2 radroaches
  2 jorogumos (Spider:3)
  2 peacekeepers
  2 hell beasts (Depths:2)
  4 catoblepae
  7 ironbound frosthearts
  3 merfolk avatars
  2 ogre magi
  2 satyrs (Shoals:4)
  6 centaur warriors
  18 dancing weapons
  3 deep troll shamans
  6 boulder beetles
  A two-headed ogre (shapeshifter) (Depths:2)
  2 two-headed ogres
  4 tengu warriors
  6 merfolk aquamancers
  7 death yaks
  11 demonic crawlers
  4 hell knights
  3 orc high priests (Orc:2)
  19 deep elf knights
  5 deep troll earth magi
  4 occultists
  5 spriggan berserkers
  A shadow wraith (Vaults:5)
  8 pharaoh ants
  2 sixfirhies
  A sun demon (Depths:2)
  A soul eater (Depths:2)
  3 spectral death yaks (Lair:5)
  8 skysharks
  A spectral anaconda (Lair:5)
  5 iron trolls
  9 arcanists
  11 sea snakes
  19 deep trolls
  A quicksilver dragon simulacrum (Depths:4)
  4 glowing orange brains
  Lodul (D:13)
  10 orb spiders
  A flayed ghost (Vaults:5)
  A spriggan simulacrum (Depths:4)
  A sun moth (shapeshifter) (Depths:4)
  A lindwurm (Vaults:1)
  A shadow demon (D:12)
  5 phantasmal warriors
  14 steelbarb worms
  16 ironbound convokers
  15 harpies
  15 deep elf archers
  26 deep elf pyromancers
  28 deep elf zephyrmancers
  6 necromancers
  Pikel (D:5)
  23 ugly things
  7 cyclopes
  13 orc knights
  12 shining eyes
  9 manticores
  10 fauns
  A tengu skeleton (Vaults:2)
  2 orc sorcerers (Orc:2)
  2 toenail golems
  13 wolf spiders
  4 black mambas
  Maurice (D:8)
  3 kobold blastminers (Orc:2)
  10 merfolk sirens
  3 dire elephant zombies (Lair:5)
  21 vault sentinels
  11 meliai
  A rust devil (D:7)
  31 moths of wrath
  2 eyes of devastation
  An ice statue (Vaults:1)
  12 elephants
  3 apocalypse crabs (Zot:3)
  6 torpor snails
  A gargoyle (D:14)
  14 water nymphs
  6 cane toads
  6 large abominations
  2 smoke demons (Zot:1)
  A hellion (Depths:4)
  4 orange demons
  An efreet (Depths:2)
  34 yaktaurs
  7 komodo dragons
  2 unseen horrors (Depths:3)
  An ice devil (Zot:5)
  4 rime drakes
  A yaktaur skeleton (Vaults:2)
  A komodo dragon (shapeshifter) (Depths:2)
  4 tengu conjurers
  A merfolk (shapeshifter) (Vaults:5)
  24 merfolk
  2 red devils (D:10)
  10 trolls
  A tengu simulacrum (Depths:4)
  2 hornets
  4 hellwings
  4 polar bears
  31 tarantellas
  13 wind drakes
  3 glass eyes
  A glass eye (shapeshifter) (Vaults:5)
  A spectral elephant (Lair:5)
  12 blink frogs
  An iron dragon simulacrum (Depths:4)
  8 snapping turtles
  12 dream sheep
  A frost giant simulacrum (Depths:3)
  A stone giant simulacrum (Vaults:2)
  72 slime creatures
  5 air elementals
  A jumping spider (shapeshifter) (Vaults:5)
  23 culicivoras
  16 jumping spiders
  2 spriggans
  2 shadows
  A wraith (D:13)
  35 yaks
  A human (Bazaar)
  4 wyverns
  6 basilisks
  23 water elementals
  3 fire elementals
  A steam dragon (D:8)
  A ynoxinul (Depths:3)
  A death yak simulacrum (Lair:5)
  3 wargs
  21 golden eyes
  60 redbacks
  7 vampire mosquitoes
  8 small abominations (Depths:3)
  3 chaos spawn
  3 spectral cane toads (Lair:5)
  A naga (Bazaar)
  14 water moccasins
  An ice beast (D:8)
  15 orc warriors
  An elephant zombie (Lair:5)
  11 ogres
  2 black bears
  A human zombie (Vaults:2)
  10 wolves
  4 boggarts
  9 centaurs
  3 lemures
  A phantom (D:6)
  A kobold brigand (D:8)
  8 bullfrogs
  A glowing shapeshifter simulacrum (Depths:3)
  A cane toad simulacrum (Lair:5)
  2 earth elementals (Elf:1)
  6 scorpions
  15 wights
  5 killer bees
  An electric eel (Lair:5)
  A howler monkey (D:5)
  A jelly (Lair:4)
  A bombardier beetle (D:6)
  14 orc priests
  A gnoll bouda (D:5)
  A hound (D:6)
  19 orc wizards
  2 iguanas (D:4)
  2 sleepcaps
  Natasha (thrice) (D:3)
  5 hell rats (Lair:4)
  Robin (D:2)
  5 gnolls
  3 adders
  A shadow imp (D:7)
  2 white imps
  4 ufetubi (D:6)
  A dart slug (D:3)
  4 ribbon worms
  58 orcs
  7 endoplasms
  3 giant cockroaches
  10 goblins
  17 hobgoblins
  13 jackals
  A quokka (D:4)
  7 ball pythons
  5 bats
  3 frilled lizards
  15 kobolds
  6 rats
  3 aspiring fleshes
  40 fire vortices
2099 creatures vanquished.

Vanquished Creatures (collateral kills)
  Polyphemus (Shoals:2)
  2 ghost moths
  A broodmother (Spider:4)
  A formless jellyfish (Vaults:3)
  A demonspawn corrupter (Zot:2)
  3 hydras
  The ghost of xnavy the Martial Artist, a journeyman GnSh of Uskayaw (D:9)
  A boulder beetle (Lair:5)
  A centaur warrior (D:13)
  An arcanist (D:14)
  An orb spider (Spider:4)
  3 orc knights
  An ugly thing (D:14)
  A wolf spider (Spider:4)
  An orc sorcerer (Orc:2)
  4 elephants
  2 orange demons (D:10)
  A kobold blastminer (Orc:1)
  A water nymph (Shoals:2)
  A cane toad (Lair:5)
  A komodo dragon (Lair:5)
  2 red devils (D:10)
  A troll (Orc:1)
  A tarantella (Spider:3)
  A dream sheep (Shoals:4)
  A jumping spider (Spider:4)
  A spectral elephant (Lair:5)
  A blink frog (Lair:4)
  2 slime creatures
  3 culicivoras
  A water elemental (Shoals:2)
  9 yaks
  A basilisk (Lair:4)
  A warg (D:11)
  2 vampire mosquitoes (D:12)
  A water moccasin (Lair:4)
  6 orc warriors
  6 wolves
  A centaur (D:14)
  A cane toad simulacrum (Lair:5)
  An elephant simulacrum (Lair:5)
  2 orc priests
  2 orc wizards
  8 orcs
  4 endoplasms (Lair:4)
89 creatures vanquished.

Vanquished Creatures (others)
  A black draconian (Zot:2)
  A faun (Shoals:3)
  A merfolk (Shoals:1)
  An orc warrior (Vaults:5)
  An orc (Vaults:5)
  2 boulders
  14 fire vortices
21 creatures vanquished.

Grand Total: 2209 creatures vanquished

Notes
Turn   | Place    | Note
-------+----------+-------------------------------------------
     0 | D:1      | Zirtrex the Gargoyle Earth Elementalist began the quest for
                  | the Orb.
     0 | D:1      | Reached XP level 1. HP: 10/10 MP: 3/3
   208 | D:1      | Reached XP level 2. HP: 12/15 MP: 0/5
   641 | D:1      | Found a faded altar of an unknown god.
   871 | D:2      | Reached XP level 3. HP: 19/19 MP: 4/6
   875 | D:2      | Learned a level 3 spell: Passwall
   879 | D:2      | Learned a level 3 spell: Stone Arrow
  1110 | D:2      | Noticed Robin
  1131 | D:2      | Killed Robin
  1411 | D:2      | Reached XP level 4. HP: 24/24 MP: 6/8
  1757 | D:2      | Reached skill level 5 in Earth Magic
  2390 | D:3      | Reached XP level 5. HP: 12/28 MP: 3/10
  2493 | D:3      | Noticed Natasha
  2498 | D:3      | Killed Natasha
  2727 | D:3      | Noticed Natasha
  2739 | D:3      | Killed Natasha
  3090 | D:3      | Noticed Natasha
  3092 | D:3      | Killed Natasha
  3093 | D:3      | Reached skill level 1 in Fighting
  3093 | D:3      | Reached XP level 6. HP: 34/34 MP: 10/12
  3350 | D:4      | You fall into a shaft and drop 1 floor!
  3350 | D:5      | Entered Level 5 of the Dungeon
  3356 | D:5      | Learned a level 4 spell: Brom's Barrelling Boulder
  3357 | D:5      | Found a staircase to the Ecumenical Temple.
  3363 | Temple   | Entered the Ecumenical Temple
  3653 | D:4      | Found a radiant altar of Vehumet.
  3668 | D:4      | Found a broken altar of Ashenzari.
  3717 | D:4      | Became a worshipper of Vehumet
  3873 | D:4      | Identified the +1 scale mail of Liberty {rF+ Str+3}
  3942 | D:4      | Reached skill level 2 in Fighting
  4017 | D:4      | Noticed a black bear
  4227 | D:4      | Reached XP level 7. HP: 20/40 MP: 3/13
  4343 | D:4      | Found an opulent altar of Gozag.
  4475 | D:4      | Found Zin's Purification Station.
  4475 | D:4      | Found a glowing silver altar of Zin.
  4487 | D:4      | Reached skill level 3 in Fighting
  4506 | D:4      | Reached skill level 5 in Spellcasting
  4989 | D:5      | Found a burning altar of Makhleb.
  5003 | D:5      | Noticed Pikel
  5093 | D:4      | Reached skill level 4 in Fighting
  5093 | D:4      | Reached XP level 8. HP: 45/48 MP: 1/15
  5795 | D:4      | Reached * piety under Vehumet
  5795 | D:4      | Offered knowledge of Magic Dart by Vehumet.
  6092 | D:5      | Killed Pikel
  6093 | D:5      | Reached skill level 5 in Fighting
  6248 | D:5      | Found a snail-covered altar of Cheibriados.
  6249 | D:5      | Found a shimmering blue altar of Sif Muna.
  6333 | D:5      | Found an ornate altar of the Wu Jian Council.
  6664 | D:6      | Reached XP level 9. HP: 54/54 MP: 11/18
  7389 | D:6      | Reached skill level 6 in Fighting
  7398 | D:5      | Reached skill level 5 in Conjurations
  8084 | D:7      | Found a transporter.
  8315 | D:7      | Noticed bobo's ghost (novice OnGl)
  8556 | D:7      | Reached ** piety under Vehumet
  8622 | D:7      | Identified the +3 spear of Yfuvvevu {speed, rN+}
  8632 | D:7      | Found a transporter.
  8707 | D:7      | Offered knowledge of Kiss of Death by Vehumet.
  8731 | D:7      | Found Nyotey Piong's Book Shoppe.
  8947 | D:8      | Found a shadowy altar of Dithmenos.
  9175 | D:8      | Reached skill level 7 in Fighting
  9175 | D:8      | Reached XP level 10. HP: 63/63 MP: 17/20
  9535 | D:8      | Reached skill level 10 in Earth Magic
  9725 | D:8      | Found a shimmering altar of Xom.
  9726 | D:8      | Found a shimmering altar of Xom.
  9726 | D:8      | Found a shimmering altar of Xom.
  9726 | D:8      | Found a shimmering altar of Xom.
  9923 | D:8      | Found a shimmering altar of Xom.
  9923 | D:8      | Found a shimmering altar of Xom.
  9926 | D:8      | Found a shimmering altar of Xom.
  9928 | D:8      | Found a shimmering altar of Xom.
  9954 | D:8      | Offered knowledge of Inner Flame by Vehumet.
  9965 | D:8      | Noticed Maurice
 10364 | D:8      | Killed Maurice
 10595 | D:8      | Found a stormy altar of Qazlal.
 10653 | D:8      | Reached skill level 5 in Stealth
 10835 | D:9      | Reached *** piety under Vehumet
 10836 | D:9      | Reached skill level 8 in Fighting
 10917 | D:9      | Found a hide-covered altar of Uskayaw.
 10981 | D:9      | Found a staircase to the Lair.
 11481 | D:9      | Noticed Harold
 11575 | D:9      | Found a runed translucent gate.
 11576 | D:9      | Found a runed translucent gate.
 11577 | D:9      | Found a runed translucent gate.
 11578 | D:9      | Noticed xnavy's ghost (journeyman GnSh)
 11579 | D:9      | Identified the +0 plate armour of Ezale {Str+4}
 11703 | D:9      | Reached XP level 11. HP: 41/69 MP: 3/23
 12188 | D:10     | Entered Level 10 of the Dungeon
 12214 | Lair:1   | Entered Level 1 of the Lair of Beasts
 12440 | Lair:1   | Noticed a catoblepas
 12448 | Lair:1   | Killed a catoblepas
 12448 | Lair:1   | Offered knowledge of Airstrike by Vehumet.
 12565 | Lair:1   | Learned a level 4 spell: Airstrike
 12570 | Lair:1   | Learned a level 4 spell: Summon Lightning Spire
 12809 | Lair:1   | Reached skill level 1 in Summonings
 12814 | Lair:1   | Reached skill level 1 in Air Magic
 12947 | Lair:1   | Reached skill level 9 in Fighting
 13601 | Lair:2   | Reached **** piety under Vehumet
 14433 | Lair:2   | Reached XP level 12. HP: 56/77 MP: 1/25
 14802 | Lair:2   | Reached skill level 10 in Fighting
 15380 | Lair:3   | Offered knowledge of Arcjolt by Vehumet.
 15947 | Lair:3   | Reached skill level 1 in Evocations
 16216 | Lair:3   | Found a hole to the Spider Nest.
 16467 | Lair:4   | Noticed a seven-headed hydra
 16467 | Lair:4   | Noticed a catoblepas
 16471 | Lair:4   | Killed a catoblepas
 16657 | Lair:4   | Reached skill level 10 in Spellcasting
 16783 | Lair:4   | Learned a level 7 spell: Orb of Destruction
 16844 | Lair:4   | Noticed a five-headed hydra
 16851 | Lair:4   | Killed a five-headed hydra
 16991 | Lair:4   | Reached skill level 11 in Fighting
 17062 | Lair:4   | Killed a seven-headed hydra
 17063 | Lair:4   | Reached skill level 5 in Air Magic
 17298 | Lair:3   | Reached skill level 5 in Summonings
 17627 | Lair:4   | Noticed a skyshark
 17633 | Lair:4   | Killed a skyshark
 17634 | Lair:4   | Reached XP level 13. HP: 84/84 MP: 13/27
 17644 | Lair:4   | Reached ***** piety under Vehumet
 17790 | Lair:4   | Found a viscous altar of Jiyva.
 17793 | Lair:4   | Found a staircase to the Slime Pits.
 17800 | Lair:4   | Offered knowledge of Plasma Beam by Vehumet.
 18804 | D:9      | Killed xnavy's ghost
 19032 | D:9      | Reached skill level 12 in Fighting
 19086 | D:9      | Identified the +0 helmet of Sif Muna's Fury {^Drain Slay+2
                  | Stlth+}
 19217 | Lair:5   | Entered Level 5 of the Lair of Beasts
 19529 | Lair:5   | Reached skill level 10 in Conjurations
 20870 | Lair:5   | Noticed a dire elephant
 21037 | Lair:5   | Noticed a dire elephant
 21038 | Lair:5   | Noticed a dire elephant
 21122 | Lair:5   | Offered knowledge of Eringya's Noxious Bog by Vehumet.
 21123 | Lair:5   | Reached skill level 13 in Fighting
 21558 | Lair:5   | Gained mutation: Your large and strong wings let you fly.
                  | [Gargoyle growth]
 21558 | Lair:5   | Reached XP level 14. HP: 78/94 MP: 13/29
 23349 | D:11     | Found a staircase to the Orcish Mines.
 24077 | Orc:1    | Entered Level 1 of the Orcish Mines
 25330 | Orc:2    | Entered Level 2 of the Orcish Mines
 25330 | Orc:2    | Found Poynod's Distillery.
 25584 | Orc:2    | Found a staircase to the Elven Halls.
 27061 | Orc:2    | Reached skill level 14 in Fighting
 27505 | Orc:2    | Offered knowledge of Bombard by Vehumet.
 27611 | Orc:1    | Learned a level 6 spell: Bombard
 27819 | Orc:2    | Found Otsyir Wiel's General Store.
 27819 | Orc:2    | Found Zaramm's Book Boutique.
 27821 | Orc:2    | Found Bunim's Magic Scroll Emporium.
 27821 | Orc:2    | Found Zyriamih's Magic Scroll Boutique.
 27832 | Orc:2    | Bought a Trismegistus Codex for 420 gold pieces
 27838 | Orc:2    | Learned a level 5 spell: Freezing Cloud
 27842 | Orc:2    | Bought a scroll of summoning for 152 gold pieces
 27842 | Orc:2    | Bought a scroll of teleportation for 48 gold pieces
 27842 | Orc:2    | Bought a scroll of blinking for 120 gold pieces
 27842 | Orc:2    | Bought 3 scrolls of summoning for 456 gold pieces
 27842 | Orc:2    | Bought a scroll of fog for 64 gold pieces
 27843 | Orc:2    | Bought a scroll of teleportation for 54 gold pieces
 27843 | Orc:2    | Bought a scroll of teleportation for 54 gold pieces
 27843 | Orc:2    | Bought a scroll of teleportation for 54 gold pieces
 27847 | Orc:2    | Bought a potion of resistance for 130 gold pieces
 27847 | Orc:2    | Bought a potion of invisibility for 104 gold pieces
 28336 | D:12     | Identified the +7 short sword "Liamohec" {pain, Str+3}
 28984 | D:12     | Identified the +5 chain mail "Torr" {Dex+3}
 29802 | D:13     | Identified the +8 chain mail of Gate {Str+4 Int-4}
 29827 | D:13     | Noticed Frances
 29827 | D:13     | Noticed Lodul
 29865 | D:12     | Killed Frances
 29866 | D:12     | Reached XP level 15. HP: 37/100 MP: 7/31
 30392 | D:13     | Killed Lodul
 31379 | D:14     | Found a gate to the Vaults.
 32442 | D:15     | Entered Level 15 of the Dungeon
 32666 | D:15     | Noticed Rupert
 32667 | D:15     | Paralysed by Rupert for 3 turns
 32677 | D:15     | Killed Rupert
 32893 | D:15     | Noticed Jorgrun
 33136 | Spider:1 | Entered Level 1 of the Spider Nest
 33365 | Spider:1 | Offered knowledge of Ozocubu's Refrigeration by Vehumet.
 33365 | Spider:1 | HP: 2/101 [spark wasp (5)]
 33619 | Lair:3   | Learned a level 7 spell: Ozocubu's Refrigeration
 33641 | Shoals:1 | Entered Level 1 of the Shoals
 33663 | Shoals:1 | Noticed Nikola
 33668 | Shoals:1 | Found a flickering gateway to a bazaar.
 33989 | Shoals:1 | Killed Nikola
 33990 | Shoals:1 | Reached skill level 1 in Ice Magic
 33990 | Shoals:1 | Identified the serpent talisman "Ommamah" {SInv}
 33990 | Shoals:1 | Noticed Aizul
 34008 | Bazaar   | Entered a bazaar
 34060 | Bazaar   | Found Gohorph's Armour Boutique.
 34060 | Bazaar   | Found Atritot's Distillery.
 34098 | Bazaar   | Found Vaxij's Magic Scroll Shop.
 34104 | Bazaar   | Found Hopoigh's Book Boutique.
 34335 | Bazaar   | Bought a book of Spontaneous Combustion for 380 gold pieces
 34347 | Bazaar   | Learned a level 5 spell: Irradiate
 34370 | Bazaar   | Bought a scroll of summoning for 123 gold pieces
 34396 | Bazaar   | Bought a potion of mutation for 120 gold pieces
 34396 | Bazaar   | Bought a potion of mutation for 120 gold pieces
 34396 | Bazaar   | Bought a potion of mutation for 120 gold pieces
 34396 | Bazaar   | Bought a potion of curing for 45 gold pieces
 34644 | Shoals:1 | Reached skill level 15 in Fighting
 35658 | Lair:5   | Reached XP level 16. HP: 108/108 MP: 4/33
 37140 | Lair:3   | Killed Aizul
 37948 | Shoals:1 | Identified the +3 broad axe of Gallantry {flame, rElec}
 38515 | Shoals:2 | Found a runed translucent gate.
 38515 | Shoals:2 | Found a runed translucent gate.
 38515 | Shoals:2 | Found a runed translucent gate.
 38519 | Shoals:2 | Noticed Tainn's ghost (adept MiFi)
 38970 | Shoals:2 | Reached skill level 5 in Ice Magic
 39981 | Shoals:2 | Reached skill level 16 in Fighting
 40129 | Shoals:2 | Noticed Polyphemus
 40141 | Shoals:2 | Killed Polyphemus
 40563 | Shoals:2 | Offered knowledge of Yara's Violent Unravelling by Vehumet.
 40878 | Shoals:2 | Killed Tainn's ghost
 41214 | Shoals:3 | Found Ipocoss's General Store.
 41230 | Shoals:3 | Identified the ring of Hikoel {rC+ Str-5 Int+6 Slay+3
                  | Stlth+}
 41663 | Shoals:3 | Noticed Bai Suzhen
 41699 | Shoals:3 | Killed Bai Suzhen
 41700 | Shoals:3 | Reached XP level 17. HP: 58/116 MP: 11/35
 42250 | Shoals:4 | Entered Level 4 of the Shoals
 42736 | Shoals:3 | Identified the +3 tower shield of the Dwarven Hall {Str+4
                  | Int+3 Stlth-}
 43143 | Shoals:4 | Paralysed by an air elemental for 1 turns
 43891 | Shoals:3 | Learned a level 5 spell: Borgnjor's Vile Clutch
 43975 | Shoals:4 | Reached skill level 17 in Fighting
 44776 | Spider:1 | Reached skill level 15 in Spellcasting
 46002 | Spider:1 | Found a runed translucent door.
 46002 | Spider:1 | Noticed Uveidaum's ghost (adept DsMo)
 46020 | Spider:1 | Offered knowledge of Starburst by Vehumet.
 48817 | Spider:2 | Identified the +11 lajatang "Iqeonosu" {antimagic, Will+}
 49522 | Spider:3 | Noticed Arachne
 49669 | Spider:2 | Killed Arachne
 49681 | Spider:2 | Gained mutation: You are weak. (Str -2) [mutagenic glow]
 49683 | Spider:2 | Lost mutation: You are weak. (Str -2) [potion of mutation]
 49683 | Spider:2 | Gained mutation: You are strong-willed. (Will+) [potion of
                  | mutation]
 50063 | Spider:3 | Reached skill level 18 in Fighting
 50099 | Spider:3 | Reached XP level 18. HP: 125/125 MP: 15/37
 50248 | Spider:3 | Reached skill level 10 in Ice Magic
 50432 | Spider:3 | Identified the +6 trident of the Hundredfold Nights {heavy,
                  | rElec rPois}
 50680 | Spider:3 | Offered knowledge of Lehudib's Crystal Spear by Vehumet.
 52118 | Spider:4 | Entered Level 4 of the Spider Nest
 52125 | Spider:4 | Noticed Agnes
 52128 | Spider:4 | Killed Agnes
 52434 | Spider:3 | Upgraded the game from 0.31-a0-1576-ga3383bade6 to
                  | 0.31-a0-1589-g8f5e8aebd6
 52816 | Shoals:4 | Found a stormy altar of Qazlal.
 54449 | Shoals:4 | Identified the +10 flail "Quehoivu" {holy, rPois rF+ rN+}
 54724 | Shoals:4 | Found a blossoming altar of Fedhas.
 54850 | Shoals:4 | Identified the +6 dagger "Esefapluz" {freeze, rF- Will+++
                  | Dex-4 SInv}
 54850 | Shoals:4 | Identified the +0 plate armour of Dishonour {Slay+3}
 55297 | Shoals:4 | Reached skill level 19 in Fighting
 55861 | Shoals:4 | Got a barnacled rune of Zot
 56372 | Spider:3 | Gained mutation: Your spells are a little easier to cast,
                  | but a little less powerful. [mutagenic glow]
 56467 | Spider:3 | Lost mutation: You are strong-willed. (Will+) [potion of
                  | mutation]
 56467 | Spider:3 | Lost mutation: Your spells are a little easier to cast, but
                  | a little less powerful. [potion of mutation]
 56467 | Spider:3 | Gained mutation: You are agile. (Dex +4, Str/Int -1)
                  | [potion of mutation]
 56467 | Spider:3 | Gained mutation: You are somewhat resistant to further
                  | mutation. [potion of mutation]
 56467 | Spider:3 | Gained mutation: Your skin changes colour to match your
                  | surroundings (Stealth+). [potion of mutation]
 57871 | Spider:4 | Reached XP level 19. HP: 133/133 MP: 25/39
 58908 | Spider:4 | Noticed Mara
 58914 | Spider:4 | Killed Mara
 59975 | Spider:4 | Got a gossamer rune of Zot
 60346 | Vaults:1 | Entered Level 1 of the Vaults
 60723 | D:14     | Reached skill level 1 in Necromancy
 60900 | D:14     | Learned a level 8 spell: Lehudib's Crystal Spear
 61586 | Vaults:1 | Reached skill level 1 in Armour
 62570 | Vaults:1 | Reached ****** piety under Vehumet
 62896 | Vaults:1 | Found Xasiad's General Store.
 62902 | Vaults:1 | Bought a potion of curing for 36 gold pieces
 62902 | Vaults:1 | Bought a potion of curing for 36 gold pieces
 62902 | Vaults:1 | Bought a scroll of teleportation for 36 gold pieces
 62902 | Vaults:1 | Bought a scroll of teleportation for 36 gold pieces
 62902 | Vaults:1 | Bought a potion of invisibility for 96 gold pieces
 63467 | Vaults:1 | Offered knowledge of Fire Storm by Vehumet.
 63467 | Vaults:1 | Offered knowledge of Chain Lightning by Vehumet.
 63467 | Vaults:1 | Offered knowledge of Polar Vortex by Vehumet.
 63678 | Vaults:1 | Found a portal to a secret trove of treasure.
 64330 | Vaults:1 | Reached XP level 20. HP: 140/140 MP: 41/41
 64331 | Vaults:1 | Reached XP level 21. HP: 144/144 MP: 42/42
 64332 | Vaults:1 | Reached XP level 22. HP: 150/150 MP: 43/43
 64604 | Vaults:2 | Found Iporghio's Weapon Emporium.
 65307 | Vaults:2 | Reached skill level 5 in Armour
 65410 | Vaults:2 | Reached skill level 10 in Stealth
 66228 | Vaults:2 | Identified the +0 ring mail "Kuim" {Regen+ Str-5 SInv}
 66744 | Vaults:2 | Reached skill level 15 in Ice Magic
 67631 | Vaults:2 | Reached skill level 20 in Fighting
 68055 | Vaults:3 | Found a staircase to the Crypt.
 68055 | Vaults:3 | Found an ancient bone altar of Kikubaaqudgha.
 68055 | Vaults:3 | Found a basalt altar of Yredelemnul.
 68463 | Vaults:3 | Reached XP level 23. HP: 150/156 MP: 20/44
 70389 | Vaults:3 | Found Utuesm's Weapon Boutique.
 70998 | Shoals:3 | Bought a scroll of teleportation for 48 gold pieces
 70998 | Shoals:3 | Bought a potion of mutation for 128 gold pieces
 71264 | Elf:1    | Entered Level 1 of the Elven Halls
 71275 | Elf:1    | Learned a level 9 spell: Polar Vortex
 72083 | Elf:1    | Found Pazepiga's Weapon Shoppe.
 72485 | Elf:1    | Identified a scroll of acquirement
 72544 | Elf:1    | Acquired a ring of magical power
 73831 | Elf:2    | Found Hischa's Jewellery Shop.
 73833 | Elf:2    | Found Vyvos's Antique Armour Boutique.
 73857 | Elf:2    | Found Iraebyqa's Magic Scroll Shop.
 73860 | Elf:2    | Found Hokherif's Weapon Shop.
 73862 | Elf:2    | Found Kaureor's General Store.
 73863 | Elf:2    | Found Ethiuf's General Store.
 74089 | Elf:2    | Found a huge runed translucent gate.
 74090 | Elf:2    | Found a huge runed translucent gate.
 74091 | Elf:2    | Found a huge runed translucent gate.
 74092 | Elf:2    | Found a huge runed translucent gate.
 74177 | Elf:2    | Found a huge runed translucent gate.
 74264 | Elf:2    | Bought 2 scrolls of blinking for 225 gold pieces
 74264 | Elf:2    | Bought a scroll of teleportation for 45 gold pieces
 74264 | Elf:2    | Bought a scroll of fog for 60 gold pieces
 74270 | Elf:2    | Bought a potion of heal wounds for 55 gold pieces
 74328 | Elf:2    | Bought the +2 helmet of Impressiveness {Will+ Int+2 Stlth+}
                  | for 375 gold pieces
 74535 | Elf:2    | Found Quhuamm's Antique Armour Shop.
 74633 | Elf:2    | Found Alolitruy's Book Emporium.
 74723 | Elf:2    | Paralysed by an air elemental for 1 turns
 75132 | Elf:2    | Got Anach's Omnibus of Sand
 75360 | Elf:3    | Entered Level 3 of the Elven Halls
 75736 | Elf:3    | Found Hiebam's Distillery.
 75816 | Elf:2    | Bought a pair of embroidered gloves for 217 gold pieces
 76160 | Elf:3    | Reached skill level 21 in Fighting
 76176 | Elf:3    | Reached XP level 24. HP: 89/166 MP: 30/45
 76413 | Elf:3    | Identified the amulet of Altruism {Acrobat Will++}
 76783 | Elf:3    | Identified the +4 chain mail of Untruth {+Inv Int+3 SInv}
 76823 | Elf:3    | Identified the staff of the Nurturing Gods {rElec rF+ rN+
                  | Int+2 Necro}
 76831 | Elf:3    | Identified the +8 chain mail of Uskayaw's Favour {rPois rF-
                  | rN+ Stlth+}
 76833 | Elf:3    | Got the Codex of Conflict
 76945 | Elf:3    | Identified the +8 whip "Houkuasi" {vamp, rC+ Will- Str+2
                  | Dex+3}
 77217 | Elf:3    | Bought a potion of mutation for 160 gold pieces
 77217 | Elf:3    | Bought a potion of curing for 60 gold pieces
 77217 | Elf:3    | Bought a potion of curing for 60 gold pieces
 77217 | Elf:3    | Bought a potion of heal wounds for 100 gold pieces
 77217 | Elf:3    | Bought a potion of brilliance for 80 gold pieces
 77256 | Elf:2    | Bought 2 potions of heal wounds for 200 gold pieces
 77256 | Elf:2    | Bought a potion of brilliance for 80 gold pieces
 77260 | Elf:2    | Bought a potion of curing for 33 gold pieces
 77688 | Vaults:4 | Found Lar Ihutt's Weapon Shoppe.
 78355 | Vaults:4 | Noticed Norris
 78589 | Vaults:4 | Killed Norris
 79088 | Vaults:4 | Identified the staff of Regicide {rElec rPois rF+ rC- Str+3
                  | Summ Alchemy}
 79154 | Vaults:4 | Found Moynnop's Distillery.
 79261 | Vaults:4 | Identified the +8 dagger of Fee Simple {pain, Int+3}
 79437 | Vaults:5 | Entered Level 5 of the Vaults
 79441 | Vaults:5 | Reached skill level 22 in Fighting
 80132 | Slime:1  | Entered Level 1 of the Pits of Slime
 80621 | Slime:2  | Reached skill level 23 in Fighting
 80748 | Slime:2  | Reached XP level 25. HP: 176/176 MP: 39/46
 81285 | Slime:3  | Gained mutation: Your spells are a little easier to cast,
                  | but a little less powerful. [a shining eye]
 81426 | Slime:5  | Entered Level 5 of the Pits of Slime
 81579 | Slime:5  | Noticed the Royal Jelly
 81587 | Slime:5  | Killed the Royal Jelly
 81760 | Slime:5  | Lost mutation: You are agile. (Dex +4, Str/Int -1) [a
                  | shining eye]
 81912 | Slime:5  | Identified the ring "Obraopn" {Ice Will++ rCorr Dex-4
                  | Stlth+}
 81916 | Slime:5  | Identified the +0 ring mail of Zyabud {rC+ SInv}
 81929 | Slime:5  | Identified the +10 longbow "Wuvvoud" {drain, rPois}
 81930 | Slime:5  | Identified the ring of the Albatross {rElec rF+ rC+ rCorr
                  | Slay+2}
 81967 | Slime:5  | Identified the +6 falchion "Hydrabane" {flame, rC++ Stlth+}
 81988 | Slime:5  | Identified the ring "Giagy" {rC+ Str+2 Int+8}
 81993 | Slime:5  | Got the Essays on Flaming Firn
 81994 | Slime:5  | Identified the +5 falchion of Emnoas {chaos, Dex+3 SInv}
 82051 | Slime:5  | Got a slimy rune of Zot
 82062 | Slime:5  | Identified the +1 helmet of Defiance {-Tele rElec rN++}
 82264 | Lair:4   | Lost mutation: You are somewhat resistant to further
                  | mutation. [potion of mutation]
 82264 | Lair:4   | Lost mutation: Your skin changes colour to match your
                  | surroundings (Stealth+). [potion of mutation]
 82264 | Lair:4   | Lost mutation: Your spells are a little easier to cast, but
                  | a little less powerful. [potion of mutation]
 82264 | Lair:4   | Gained mutation: You have large cloven feet. [potion of
                  | mutation]
 82264 | Lair:4   | Gained mutation: You expend magic power (3 MP) to
                  | strengthen your wands. [potion of mutation]
 82264 | Lair:4   | Gained mutation: You have a pair of small horns on your
                  | head. [potion of mutation]
 82264 | Lair:4   | Gained mutation: You are partially covered in large bone
                  | plates. (SH +4) [potion of mutation]
 82265 | Lair:4   | Lost mutation: You have a pair of small horns on your head.
                  | [potion of mutation]
 82265 | Lair:4   | Lost mutation: You are partially covered in large bone
                  | plates. (SH +4) [potion of mutation]
 82265 | Lair:4   | Gained mutation: You are strong-willed. (Will+) [potion of
                  | mutation]
 82265 | Lair:4   | Gained mutation: You have hoof-like feet. [potion of
                  | mutation]
 82577 | Vaults:5 | Identified the staff "Deje" {rElec rCorr Conj Alchemy}
 83546 | Vaults:5 | Reached skill level 24 in Fighting
 85431 | Vaults:5 | Identified the +0 shortbow of the Blowfly {drain, Dex+7}
 85442 | Vaults:5 | Got a silver rune of Zot
 85730 | D:15     | Killed Jorgrun
 85891 | D:15     | Reached skill level 1 in Fire Magic
 85961 | D:15     | Found a shimmering blue altar of Sif Muna.
 86507 | D:15     | Found a staircase to the Depths.
 86869 | Depths:1 | Entered Level 1 of the Depths
 87042 | Depths:1 | Found a one-way gate to the infinite horrors of the Abyss.
 87064 | Depths:1 | Noticed Margery
 87070 | Depths:1 | Killed Margery
 87657 | Depths:1 | Found a gateway to Hell.
 87760 | Depths:1 | Reached XP level 26. HP: 186/186 MP: 31/47
 88055 | Depths:1 | Noticed a juggernaut
 88067 | Depths:1 | Killed a juggernaut
 88687 | Depths:2 | Found a one-way gate leading to the halls of Pandemonium.
 88918 | Depths:2 | Reached skill level 5 in Fire Magic
 89083 | Depths:2 | Identified the staff of the Pyrrhic Victory {Fly rC+ Will-
                  | Str+3 Dex+4 Ice}
 90171 | Depths:3 | Found a one-way gateway to a ziggurat.
 90193 | Depths:3 | Found a flickering gateway to a bazaar.
 90199 | Bazaar   | Entered a bazaar
 90203 | Bazaar   | Found Topser's General Store.
 90203 | Bazaar   | Found Yzuez's Distillery.
 90212 | Bazaar   | Found Oqiwk's Magic Scroll Shop.
 90212 | Bazaar   | Found Etrol's Jewellery Boutique.
 90239 | Bazaar   | Bought a scroll of blinking for 112 gold pieces
 90245 | Bazaar   | Bought a scroll of summoning for 76 gold pieces
 90245 | Bazaar   | Bought a potion of curing for 24 gold pieces
 90251 | Bazaar   | Bought 3 potions of heal wounds for 225 gold pieces
 90251 | Bazaar   | Bought a potion of heal wounds for 75 gold pieces
 90251 | Bazaar   | Bought a potion of curing for 45 gold pieces
 90251 | Bazaar   | Bought a potion of invisibility for 120 gold pieces
 90257 | Bazaar   | Bought the ring "Zunof" {rF++ MP+9 Stlth-} for 517 gold
                  | pieces
 90907 | Depths:3 | Found a burning altar of Makhleb.
 91230 | Depths:3 | Reached skill level 15 in Stealth
 91240 | Depths:3 | Reached skill level 25 in Fighting
 91633 | Depths:3 | Found a shimmering blue altar of Sif Muna.
 92045 | Depths:4 | Entered Level 4 of the Depths
 92076 | Depths:4 | Identified the ring of Qifaj {Ice Str+3}
 92076 | Depths:4 | Noticed Josephina
 92080 | Depths:4 | Killed Josephina
 92590 | Depths:4 | Found a gate to the Realm of Zot.
 92875 | Depths:4 | Learned a level 9 spell: Fire Storm
 92884 | Depths:4 | Learned a level 8 spell: Ignition
 93420 | Depths:4 | Reached XP level 27. HP: 193/193 MP: 28/47
 93648 | Zot:1    | Entered Level 1 of the Realm of Zot
 93649 | Zot:1    | Upgraded the game from 0.31-a0-1589-g8f5e8aebd6 to
                  | 0.31-a0-1591-g515db51633
 93912 | Zot:1    | Gained mutation: You are frail. (-10% HP) [a shining eye]
 93914 | Zot:1    | Gained mutation: You are weak. (Str -2) [a shining eye]
 93919 | Zot:1    | Reached skill level 15 in Conjurations
 93958 | Depths:4 | Lost mutation: You are frail. (-10% HP) [potion of
                  | mutation]
 93958 | Depths:4 | Lost mutation: You expend magic power (3 MP) to strengthen
                  | your wands. [potion of mutation]
 93958 | Depths:4 | Lost mutation: You have hoof-like feet. [potion of
                  | mutation]
 93958 | Depths:4 | Gained mutation: Your mind is acute. (Int +4, Str/Dex -1)
                  | [potion of mutation]
 93958 | Depths:4 | Gained mutation: You are agile. (Dex +4, Str/Int -1)
                  | [potion of mutation]
 94237 | Zot:1    | Noticed Parghit
 94243 | Zot:1    | Killed Parghit
 94336 | Zot:1    | Reached skill level 10 in Fire Magic
 94907 | Zot:1    | Noticed Vv
 95300 | Zot:1    | Killed Vv
 99410 | Zot:3    | Reached skill level 26 in Fighting
100396 | Zot:4    | Found a transporter.
101402 | Zot:4    | Noticed an ancient lich
101403 | Zot:4    | Noticed an orb of fire
101405 | Zot:4    | Noticed a dread lich
101441 | Zot:4    | Noticed an orb of fire
101442 | Zot:4    | Found a radiant altar of Vehumet.
101449 | Zot:4    | Identified the ring of Doxerruj {rF+ Str+2 Dex+6}
101785 | Zot:5    | Entered Level 5 of the Realm of Zot
102099 | Zot:5    | Found a transporter.
102232 | Zot:5    | Found a transporter.
102232 | Zot:5    | Found a transporter.
102462 | Zot:5    | Found a transporter.
103001 | Zot:5    | Noticed an ancient lich
103006 | Zot:5    | Killed an ancient lich
103009 | Zot:5    | Noticed a dread lich
103013 | Zot:5    | Noticed an orb of fire
103014 | Zot:5    | Killed a dread lich
103018 | Zot:5    | Killed an orb of fire
103032 | Zot:5    | Noticed an orb of fire
103035 | Zot:5    | Killed an orb of fire
103212 | Zot:5    | Noticed an orb of fire
103215 | Zot:5    | Gained mutation: Armour fits poorly on your strangely
                  | shaped body. [an orb of fire]
103216 | Zot:5    | Killed an orb of fire
103228 | Zot:5    | Noticed an ancient lich
103231 | Zot:5    | Reached skill level 15 in Fire Magic
103238 | Zot:5    | Noticed an orb of fire
103244 | Zot:5    | Killed an orb of fire
103286 | Zot:5    | Noticed an ancient lich
103288 | Zot:5    | Killed an ancient lich
103681 | Zot:5    | Got the Orb of Zot
103731 | Zot:5    | Reached skill level 27 in Fighting
104125 | D:14     | Noticed Xiklatsu the pandemonium lord
104203 | D:10     | Noticed Geugrano the pandemonium lord
104205 | D:10     | Killed Geugrano the pandemonium lord
104286 | D:6      | Noticed Hiseg the pandemonium lord
104288 | D:6      | Killed Hiseg the pandemonium lord
104415 | D:$      | Escaped with the Orb!

Illustrated notes

Levels and vault maps discovered:
D:1:      dpeg_arrival_tiny_h, layout_basic, dreamdust_ecumenical_altar_grove
D:2:      layout_loops_cross, uniq_robin
D:3:      layout_basic, minmay_surrounded, uniq_natasha
D:4:      minmay_general_purpose_star, layout_loops_corners, zin_purify,
          nicolae_gozag_seed_capital, lemuel_round_altar, kennysheep_mini_moat,
          chequers_mini_garden
D:5:      layout_cave_pools, pdpol_wu_jian_five_deadly_venoms,
          mainiacjoe_overflow_paths, minitemple, minmay_temple_entry_waves,
          serial_bayou, serial_bayou_shore_b, serial_bayou_lagoon_a,
          serial_bayou_crossing, serial_bayou_pond_d,
          hangedman_abyss_or_decor_stagger, uniq_pikel
D:6:      layout_basic
D:7:      layout_loops_ring, nzn_ghost_randoct, serial_shops, shop
D:8:      layout_loops_ring, xom_redecorated, grunt_dithmenos_smoke,
          nicolae_qazlal_eye_of_the_storm, uniq_maurice
D:9:      layout_irregular_city, nicolae_uskayaw_dance_hall,
          biasface_ghost_orc_armoury, minivault_22, uniq_harold
D:10:     layout_basic, minmay_beelzebubs_servants
D:11:     layout_roguey, minmay_orc_entry_guard_dogs
D:12:     layout_gridville
D:13:     layout_basic, uniq_frances, uniq_lodul
D:14:     layout_layer_cave, david_vaults_1
D:15:     grunt_enter_depths_hoard, layout_rooms, lemuel_doored_altar,
          chequers_jeans, grunt_ministairs_15, uniq_jorgrun, uniq_rupert
Temple:   hellmonk_temple_beads
Lair:1:   layout_gridlike, lemuel_fruit_tree, grunt_megastairs_1
Lair:2:   layout_chaotic_city, hibernation_bobbens, serial_bayou_shore_a
Lair:3:   layout_cave_pods, nicolae_shoals_entry_flooding, spider_nest_entry_a
Lair:4:   layout_regular_city, slime_entry_2
Lair:5:   due_jungle_book, layout_gridlike, grunt_megastairs_5,
          serial_bayou_shore_b
Shoals:1: layout_shoals, serial_shops, bzr_entry_lakeside, uniq_nikola,
          uniq_aizul
Shoals:2: layout_shoals, gammafunk_ghost_split, uniq_polyphemus
Shoals:3: layout_shoals, nicolae_take_the_stairs, nicolae_shoals_mertower,
          uniq_bai_suzhen
Shoals:4: shoals_end_hellmonk_storm_palace [storm_palace_center_ruins,
          storm_palace_corner_altar, storm_palace_corner_narrow,
          storm_palace_corner_grid, storm_palace_corner_altar], serial_shops
Spider:1: layout_spider_delve, ebering_ghost_inner_flame
Spider:2: layout_spider_delve, guppyfry_spider_mini_1
Spider:3: layout_spider_delve, drop_trap, hangedman_spider_tarantella_strand,
          uniq_arachne
Spider:4: hellmonk_spider_rune_bug_friends, spiders_nest_ghost_moth_duel,
          uniq_mara, uniq_agnes
Slime:1:  layout_caves, nicolae_slime_barrier
Slime:2:  layout_caves
Slime:3:  layout_caves
Slime:4:  layout_caves
Slime:5:  slime_pit_nicolae_trefoil
Orc:1:    layout_diamond_mine, nicolae_orc_minecarts
Orc:2:    grunt_orc_tribal_feast, layout_diamond_mine, special_room,
          serial_shops, shop, nicolae_orc_bridge_out, nicolae_orc_tapped_out
Elf:1:    layout_geoelf_octagon, serial_shops, nicolae_shop_tiny_glass,
          hangedman_elf_disciples
Elf:2:    elven_hall_of_blades_hangedman_alternative [mumra_blade_entry_dagger],
          layout_loops_cross, serial_shops, shop, nicolae_shop_statue_plus,
          shop, nicolae_shop_pleasant_corner_grove, minmay_shop_grid_forest,
          minmay_misc_feat_five, bh_hangedman_babel_library
Elf:3:    elf_hall, layout_geoelf_octagon, serial_shops, shop
Vaults:1: cheibrodos_frozen_isle, grunt_vaults_hallway_short, vaults_room_fours,
          ontoclasm_vaults_idyll, v_misc_25, vaults_mumra_lcd,
          nicolae_vaults_steering_wheel, vaults_room_corners,
          vaults_room_semicircle, nicolae_vaults_surprise_closet,
          vaults_room_semicircle, layout_vaults_chaotic_city, serial_glass,
          nicolae_trove_entry_columns, serial_shops, nicolae_shop_rolling_square
Vaults:2: v_misc_29, nicolae_vaults_little_squares_1, v_misc_25,
          nicolae_vaults_weapon_check, v_rooms_2, nicolae_vaults_trapezoid_4,
          ontoclasm_vaults_bender, v_misc_26, vaults_mumra_chevron,
          ontoclasm_vaults_ring_large, nicolae_vaults_circle_grid_a,
          nicolae_vaults_diagonal_hallway_6, ontoclasm_vaults_hangar,
          dpeg_vaults_monster_row, nicolae_vaults_tangram_1, layout_vaults_maze,
          serial_shops, nicolae_shop_trees
Vaults:3: hangedman_vaults_restitches, grunt_vaults_diagonal, v_misc_29,
          minmay_crypt_entry_necro_gods, vaults_room_semicircle,
          hangedman_vaults_nails, nicolae_vaults_what_the_h,
          vaults_room_corners, nicolae_vaults_little_squares_3,
          nicolae_vaults_little_squares_1, nicolae_vaults_mitosis,
          ontoclasm_vaults_loading_screen, ontoclasm_vaults_pinch,
          nicolae_vaults_trapezoid_2, vaults_room_pools, nicolae_vaults_two_Ls,
          layout_vaults_ring, serial_shops, nicolae_shop_behind_doors
Vaults:4: st_eye, nicolae_vaults_storage_room_glass, nicolae_vaults_diamond_2,
          nicolae_vaults_taking_the_gang_shopping,
          ontoclasm_vaults_decontamination, nicolae_vaults_turnstiles,
          hangedman_vaults_trim, layout_vaults_quadrants, serial_shops, shop,
          uniq_norris
Vaults:5
Depths:1: layout_gridlike, grunt_metal_band,
          nicolae_abyss_entry_one_way_or_another,
          serial_library_hellmonk_small_alcove, interstate_on_off,
          minmay_misc_feat_enclosed, kennysheep_diamond,
          hangedman_abyss_or_decor_stabs, grunt_potential
Depths:2: hangedman_cross_cluster, layout_gridlike, rand_demon_pan_entry_3,
          pf_hell_entry_tar_river
Depths:3: minmay_the_grid_triangle_9x9_rhombus_full_mashed
          [minmay_the_grid_triangle_9x9_stretched_checkered,
          minmay_the_grid_triangle_9x9_pentomino_pain,
          minmay_the_grid_triangle_9x9_intruding_spiral,
          minmay_the_grid_triangle_9x9_thin_v,
          minmay_the_grid_triangle_9x9_shrine,
          minmay_the_grid_triangle_9x9_minimal,
          minmay_the_grid_triangle_9x9_descending_squares,
          minmay_the_grid_triangle_9x9_prize_top_heavy], layout_basic,
          enter_ziggurat_b, serial_shops, bzr_entry_safe,
          minmay_room_of_horrors, lemuel_blue_sif_altar, hell_entry
Depths:4: grunt_zot_entry_tricorne, layout_cave_pools,
          grunt_hell_entry_dis_grunt, rand_demon_pan_entry_9,
          minmay_fountain_box, st_stairs_9, uniq_josephina
Zot:1:    layout_cathedral_of_symmetry, uniq_parghit, uniq_vv
Zot:2:    layout_misc_corridors, hangedman_zot_gyre
Zot:3:    gammafunk_mikee_crab_dinner, layout_onion_interference
Zot:4:    gammafunk_sealed_library, layout_gridlike, st_stairs_1
Zot:5:    layout_gridlike, nicolae_diode_intersection

Skill      XL: |  1  2  3  4  5  6  7  8  9 10 11 12 13 14 15 16 17 18 19 20 21 22 23 24 25 26 27 |
---------------+----------------------------------------------------------------------------------+-----
Earth Magic    | 4 5 6 7 8 9 10 11 12 | 12.3
Spellcasting   | 3 4 5 6 7 8 9 10 11 12 13 14 15 16 17 18 19 20 22 | 22.5
Fighting       | 1 2 4 5 7 8 9 11 13 14 15 16 18 19 20 21 23 24 25 27 | 27.0
Conjurations   | 2 4 6 7 8 9 11 12 13 14 18 | 18.6
Stealth        | 3 5 6 8 9 10 12 16 20 | 20.0
Summonings     | 3 5 6 |  6.0
Air Magic      | 3 5 6 7 |  7.0
Evocations     | 2 3 4 |  4.2
Ice Magic      | 2 7 9 12 13 14 15 17 20 21 22 | 22.0
Necromancy     | 1 |  1.0
Armour         | 4 5 |  5.0
Dodging        | 4 |  4.0
Fire Magic     | 3 8 15 | 15.8

Action                     |  1- 3 |  4- 6 |  7- 9 | 10-12 | 13-15 | 16-18 | 19-21 | 22-24 | 25-27 || total
---------------------------+-------+-------+-------+-------+-------+-------+-------+-------+-------++-------
  Melee: Mace              |    18 |     3 |       |       |       |       |       |       |       ||    21
         Short sword       |     3 |       |       |       |       |       |       |       |       ||     3
         Unarmed           |     2 |       |       |       |       |       |       |       |       ||     2
         Great sword       |       |       |     3 |    13 |       |       |       |       |       ||    16
         Staff             |       |       |       |       |     9 |    41 |       |     2 |    58 ||   110
         Dagger            |       |       |       |       |       |       |     9 |     5 |       ||    14
         Punch             |       |       |       |       |       |       |       |       |     4 ||     4
         Falchion          |       |       |       |       |       |       |       |       |     2 ||     2
   Cast: Sandblast         |    51 |   116 |    73 |   146 |   191 |       |       |       |       ||   577
         Stone Arrow       |       |     1 |    78 |   158 |   199 |    13 |       |       |       ||   449
         Brom's Barrelling |       |       |       |     3 |     1 |       |       |       |       ||     4
         Summon Lightning  |       |       |       |    16 |    81 |     7 |       |     2 |       ||   106
         Airstrike         |       |       |       |     1 |    33 |       |       |       |       ||    34
         Orb of Destructio |       |       |       |     1 |    38 |   104 |     9 |    42 |    28 ||   222
         Passwall          |       |       |       |       |     4 |     1 |       |       |       ||     5
         Bombard           |       |       |       |       |   117 |   205 |    50 |   112 |     1 ||   485
         Freezing Cloud    |       |       |       |       |    34 |    48 |     4 |     3 |       ||    89
         Irradiate         |       |       |       |       |     5 |    30 |     6 |     4 |     8 ||    53
         Ozocubu's Refrige |       |       |       |       |       |   198 |    57 |   160 |   132 ||   547
         Borgnjor's Vile C |       |       |       |       |       |    89 |    30 |    91 |   167 ||   377
         Lehudib's Crystal |       |       |       |       |       |       |     2 |    43 |   353 ||   398
         Polar Vortex      |       |       |       |       |       |       |       |    24 |    89 ||   113
         Fire Storm        |       |       |       |       |       |       |       |       |    20 ||    20
  Evoke: Wand              |       |       |       |       |     2 |     1 |    10 |     3 |     5 ||    21
         Phial of floods   |       |       |       |       |     1 |     1 |       |       |       ||     2
         Sack of spiders   |       |       |       |       |       |     1 |     1 |       |       ||     2
         Phantom mirror    |       |       |       |       |       |     1 |     1 |       |       ||     2
         Tin of tremorston |       |       |       |       |       |       |     1 |       |       ||     1
    Use: Scroll            |       |     1 |       |    15 |    20 |    13 |     3 |     8 |    10 ||    70
         Potion            |       |     1 |       |     1 |    13 |    10 |     3 |     6 |    17 ||    51
   Stab: Distracted        |       |       |       |       |       |     1 |       |       |       ||     1
         Sleeping          |       |       |       |       |       |     1 |       |       |       ||     1
 Armour: Robe              |    58 |    42 |    68 |   191 |   139 |       |       |       |       ||   498
         Leather armour    |       |       |       |       |   144 |   438 |    86 |   170 |   445 ||  1283
  Dodge: Dodged            |    58 |    34 |    73 |   120 |   239 |   350 |    38 |   108 |   264 ||  1284

Table legend: (Time is in decaauts)
 A = Elapsed time spent in this place.
 B = Non-inter-level travel time spent in this place.
 C = Inter-level travel time spent in this place.
 D = Time resting spent in this place.
 E = Time spent auto-exploring this place.
 F = Levels seen in this place.
 G = Mean time per level.
                   A        B        C        D        E       F      G
               +--------+--------+--------+--------+--------+-----+--------+
         Total | 104967 |  96907 |   8060 |  24180 |  54049 |  55 | 1908.5 |
       Dungeon |  23855 |  21809 |   2046 |   3678 |  14512 |  15 | 1590.3 |
        Temple |     10 |     10 |      0 |      0 |      0 |   1 |   10.0 |
          Lair |  13744 |  12402 |   1342 |   2919 |   7553 |   5 | 2748.8 |
        Shoals |  11362 |  10744 |    618 |   4014 |   3821 |   4 | 2840.5 |
   Spider Nest |  11161 |  10378 |    783 |   3933 |   4707 |   4 | 2790.2 |
    Slime Pits |   2136 |   2060 |     76 |   1299 |    266 |   5 |  427.2 |
  Orcish Mines |   3784 |   3426 |    358 |    468 |   2236 |   2 | 1892.0 |
   Elven Halls |   6084 |   5653 |    431 |   1007 |   3280 |   3 | 2028.0 |
        Vaults |  15143 |  13762 |   1381 |   3752 |   7309 |   5 | 3028.6 |
        Depths |   7090 |   6621 |    469 |    943 |   4762 |   4 | 1772.5 |
           Zot |   9685 |   9131 |    554 |   2036 |   5265 |   5 | 1937.0 |
        Bazaar |    908 |    908 |      0 |    130 |    337 |   2 |  454.0 |
               +--------+--------+--------+--------+--------+-----+--------+

Top non-repeatable levels by time:
  Lair:3: 4244 daAuts
Spider:3: 4208 daAuts
  Lair:5: 4046 daAuts
Vaults:1: 3990 daAuts
Vaults:2: 3765 daAuts
Shoals:4: 3546 daAuts
Spider:2: 3483 daAuts
    D:14: 3001 daAuts
Shoals:3: 2878 daAuts
Vaults:4: 2721 daAuts
Shoals:2: 2705 daAuts
Vaults:5: 2560 daAuts
     D:4: 2411 daAuts
   Elf:1: 2398 daAuts
  Lair:4: 2296 daAuts
